 Dungeon Crawl Stone Soup version 0.15-a0-413-gc6111ba (webtiles) character file.

384 Quh the Shooter (level 6, -5/43 HPs)
             Began as a Demonspawn Hunter on May 5, 2014.
             Killed from afar by an orc wizard (12 damage)
             ... with a puff of frost
             ... on Level 3 of the Dungeon.
             The game lasted 00:23:49 (2869 turns).

Quh the Shooter (Demonspawn Hunter)                 Turns: 2869, Time: 00:23:50

HP  -5/43        AC 11     Str 12      XL: 6   Next:  5%
MP   6/6         EV  4     Int 15      God:
Gold 106         SH  0     Dex 13      Spells:  0 memorised,  5 levels left

rFire  + + +     SeeInvis .     a - +0 short sword
rCold  x . .     Clarity  .     M - +1 chain mail {rF+}
rNeg   + . .     Conserve .     (no shield)
rPois  .         rCorr    .     l - +1 helmet
rElec  .         rRot     .     (no cloak)
SustAb . .       Spirit   .     (no gloves)
rMut   .         Warding  +     (no boots)
Saprov . . .     Stasis   .     g - amulet of warding
MR     .....                    J - ring of protection from fire
                                K - ring of fire

@: not resistant to hostile enchantments, extremely unstealthy
A: talons 2, powered by death 1
a: no special abilities


You were on level 3 of the Dungeon.
You were not hungry.

You visited 1 branch of the dungeon, and saw 4 of its levels.

You collected 106 gold pieces.

Inventory:

Hand weapons
 a - a +0,+0 short sword (weapon)
 b - a +2,+1 bow
 e - a +0,+0 spear
 n - a +0,+0 short sword
 t - a +0,+0 short sword
Armour
 d - a +0 leather armour
 l - a +1 helmet (worn)
 o - a +1 chain mail
 r - a +0 leather armour
 u - a +0 leather armour
 w - a +0 buckler
 G - a cursed +0 helmet
 M - a +1 chain mail of fire resistance (worn)
Comestibles
 f - 3 bread rations
 z - a chunk of adder flesh
 A - 2 apricots
 C - a choko
 H - 3 oranges
 I - a pear
 L - 3 beef jerkies
 O - a meat ration
Scrolls
 h - a scroll of noise
 j - a scroll of teleportation
 k - a scroll of fog
 p - 4 scrolls of identify
 D - a scroll of recharging {unknown}
Jewellery
 g - an amulet of warding (around neck)
 B - an uncursed ring of teleport control
 J - a ring of protection from fire (right hand)
 K - a ring of fire (left hand)
Potions
 i - a potion of mutation {unknown}
 m - 3 potions of curing
 q - a potion of heal wounds {unknown}
 s - a potion of haste {unknown}
 E - a potion of invisibility {unknown}
 F - a potion of poison {unknown}


   Skills:
 - Level 1.0 Fighting
 * Level 6.7 Bows
 - Level 1.7 Dodging
 - Level 0.8 Stealth


You had 5 spell levels left.
You didn't know any spells.

Dungeon Overview and Level Annotations

Branches:
Dungeon (4/15)
 Temple: D:4-7

Altars:
Cheibriados
Fedhas

Annotations:
D:4 Herrn's ghost, average GrFi


Innate Abilities, Weirdness & Mutations

You have razor-sharp toenails.
You can steal the life force of nearby defeated enemies.


Message History

* * * LOW HITPOINT WARNING * * *
The orc wizard hits you but does no damage.
You hit the orc wizard but do no damage.
You claw the orc wizard.
The orc wizard is almost dead.
The orc wizard casts a spell at you. The puff of flame hits you!
The orc wizard hits you but does no damage.
You barely miss the orc wizard.
The orc wizard is almost dead.
The orc wizard gestures at you while chanting.
The magic dart hits you!
* * * LOW HITPOINT WARNING * * *
You closely miss the orc wizard.
You claw the orc wizard, but do no damage.
The orc wizard is almost dead.
The orc wizard hits you but does no damage.
The orc wizard gestures at you while chanting.
The puff of frost hits you!
You feel a terrible chill!
You die...

#..........# #..#
#).........# #..#
#..........# #..#
#..........# #..#
#..........###..#
#...............#
#...............#
######.########.# #.#
#@# #.# #o# #.# #o#
#.# #s# #.########(#
######.........(#
#...............#
#..............(#
#######...####.((....


You could see an orc wizard, an orc and a giant cockroach.

Vanquished Creatures
  2 scorpions (D:4)
  A worker ant (D:4)
  An iguana (D:4)
  6 adders
  2 worms
  4 giant geckos
  2 oozes (D:2)
  An orc (D:3)
  A ball python (D:2)
  A bat zombie (D:3)
  2 giant cockroaches
  3 goblins
  10 hobgoblins
  2 jackals (D:1)
  8 kobolds
  A quokka (D:3)
  8 bats
  9 giant newts
  5 rats
69 creatures vanquished.

Notes
Turn   | Place    | Note
--------------------------------------------------------------
     0 | D:1      | Quh, the Demonspawn Hunter, began the quest for the Orb.
     0 | D:1      | Reached XP level 1. HP: 15/15 MP: 1/1
   343 | D:1      | Reached skill level 4 in Bows
   345 | D:1      | Gained mutation: You can steal the life force of nearby defeated enemies. [demonic ancestry]
   345 | D:1      | Reached XP level 2. HP: 14/21 MP: 2/2
   961 | D:2      | Found a snail-covered altar of Cheibriados.
   982 | D:2      | Reached XP level 3. HP: 22/26 MP: 3/3
  1402 | D:2      | Reached skill level 5 in Bows
  1657 | D:2      | Gained mutation: You have sharp toenails. [demonic ancestry]
  1657 | D:2      | Reached XP level 4. HP: 30/32 MP: 4/4
  1694 | D:2      | Found a blossoming altar of Fedhas.
  2420 | D:4      | Reached XP level 5. HP: 17/37 MP: 5/5
  2478 | D:4      | Reached skill level 6 in Bows
  2576 | D:4      | Noticed Herrn's ghost (average GrFi)
  2684 | D:4      | Gained mutation: You have razor-sharp toenails. [demonic ancestry]
  2684 | D:4      | Reached XP level 6. HP: 38/43 MP: 6/6
  2869 | D:3      | Killed from afar by an orc wizard

Action                   |  1- 3 |  4- 6 || total
-------------------------+-------+-------++-------
Melee: Short sword       |   176 |    68 ||   244
 Fire: Bow               |    35 |    83 ||   118
Throw: Dart              |       |    18 ||    18
  Use: Scroll            |     3 |     6 ||     9
